 Dungeon Crawl Stone Soup version 0.27-a0-1177-g245c70e1c0 (webtiles) character file.

Game seed: 12968675036910821992

6986 Froggeryz the Basher (level 10, 0/105 HPs)
             Began as a Demonspawn Chaos Knight on May 16, 2021.
             Was an Elder of Trog.
             Engulfed by an ice statue's freezing vapour (8 damage)
             ... in an ice cave.
             The game lasted 00:14:19 (10687 turns).

Froggeryz the Basher (Demonspawn Chaos Knight)     Turns: 10687, Time: 00:14:20

Health: 0/105      AC: 17    Str: 15    XL:     10   Next: 81%
Magic:  10/10      EV:  9    Int: 10    God:    Trog [****..]
Gold:   332        SH:  5    Dex: 11    Spells: 9/9 levels left

rFire    . . .     SeeInvis .   k - +2 whip (venom)
rCold    . . .     Faith    .   (no shield)
rNeg     . . .     Spirit   .   m - +2 scale mail "Wiokhleaz" {Regen+}
rPois    +         Reflect  +   o - +2 hat
rElec    .         Harm     .   t - +2 cloak {rPois}
rCorr    .         Rampage  .   (no gloves)
Will     .....                  (no boots)
Stlth    ..........             q - amulet of reflection
HPRegen  1.27/turn              c - +4 ring of slaying
MPRegen  0.12/turn              w - +4 ring of protection

@: berserking, unable to read, very quick
A: antennae 2, molten scales 1, demonic magic 2, clumsy 1, deformed body, dopey
2, inability to read while threatened
a: Renounce Religion, Berserk, Trog's Hand, Brothers in Arms


You were in an ice cave.
You worshipped Trog.
Trog was greatly pleased with you.
You visited 2 branches of the dungeon, and saw 10 of its levels.
You also visited: Ice Cave.

You collected 401 gold pieces.
You spent 69 gold pieces at shops.

Inventory:

Hand Weapons
 a - a +1 flail of protection
 k - a +2 whip of venom (weapon)
Missiles
 j - 3 throwing nets
 l - 30 poisoned darts (quivered)
 n - 2 curare-tipped darts
Armour
 b - the +1 scale mail of Claustrophobia {Fly rF+}
   (You found it on level 5 of the Dungeon)

   It protects you from fire.
   It grants you flight.
 m - the +2 scale mail "Wiokhleaz" (worn) {Regen+}
   (You found it on level 4 of the Dungeon)

   It increases your rate of health regeneration.
 o - a +2 hat (worn)
 p - a +0 kite shield
 t - a +2 cloak of poison resistance (worn)
Jewellery
 c - a +4 ring of slaying (left hand)
 g - the ring "Saotiz" {rElec Will+ AC+4 Str-5 Int+2}
   (You found it on level 4 of the Dungeon)

   [ring of protection]

   It affects your AC (+4).
   It affects your strength (-5).
   It affects your intelligence (+2).
   It insulates you from electricity.
   It increases your willpower.
 q - an amulet of reflection (around neck)
 w - a +4 ring of protection (right hand)
Wands
 h - a wand of flame (18)
 i - a wand of digging (5)
 u - a wand of acid (9)
 A - a wand of mindburst (9)
Scrolls
 e - 5 scrolls of enchant weapon
 f - 5 scrolls of enchant armour
 r - a scroll of fog
 s - a scroll of immolation {unknown}
 v - a scroll of blinking
 x - a scroll of noise
 y - 2 scrolls of vulnerability
 C - a scroll of teleportation {unknown}
Potions
 d - 2 potions of curing
 z - a potion of flight


   Skills:
 - Level 3.0 Fighting
 * Level 13.0 Maces & Flails
 - Level 6.0 Armour
 - Level 0.8 Dodging
 + Level 5.0 Shields


You had 9 spell levels left.
You didn't know any spells.
Your spell library was empty.

Dungeon Overview and Level Annotations

Branches:
Dungeon (9/15)             Temple (0/1) D:6            Lair (1/6) D:9
    Orc (0/2) D:9           IceCv (1/1)

Altars:
Ru
Trog

Shops:
D:5 :   D:6 :   D:9 *

Annotations:
Lair:1 exclusion: oklob plant IceCv exclusion: 2 ice statues


Innate Abilities, Weirdness & Mutations

You have a pair of antennae on your head.
You are partially covered in molten scales. (AC +2)
Spells you cast may paralyse nearby enemies.
You are clumsy. (Dex -2)
Armour fits poorly on your strangely shaped body.
You are very dopey. (Int -4)
You sometimes lose the ability to read scrolls when taking damage.


Message History

You hit the ice statue.
The ice statue is severely damaged.
The ice beast hits you but does no damage. x2
You hit the ice statue.
The ice statue is severely damaged.
The ice beast hits you but does no damage. x2
You whack the ice statue!
The ice statue is almost destroyed.
The ice statue gestures at you. The freezing blast engulfs you!
You feel threatened and lose the ability to read scrolls!
The ice statue gestures.
The ice beast barely misses you. You block the ice beast's attack.
You hit the ice statue.
The ice statue is almost destroyed.
You are engulfed in freezing vapours.
The ice beast hits you. The ice beast freezes you!
You cannot read scrolls in your current state!
You closely miss the ice beast.
You are engulfed in freezing vapours.
The ice beast hits you but does no damage. x2
You whack the ice beast!
The ice beast is moderately wounded.
You are engulfed in freezing vapours.
* * * LOW HITPOINT WARNING * * *
The ice beast hits you but does no damage.
You block the ice beast's attack.
A red film seems to cover your vision as you go berserk!
You feel yourself moving faster!
You feel mighty!
You are engulfed in freezing vapours.
* * * LOW HITPOINT WARNING * * *
The ice statue gestures at you. The freezing blast engulfs you!
* * * LOW HITPOINT WARNING * * *
The ice beast hits you but does no damage. x2
The ice beast closely misses you.
The ice beast hits you but does no damage. x2
You hit the ice beast.
The ice beast is heavily wounded.
You are engulfed in freezing vapours.
You die...

............#
...............#
#.......⌠.......#
#...............#
#...............#
#........°....#
#........YY...#
#...Y..○Y@Y.#
8#....Y#8##
##...#### #...##
##...# ##...#
#...## ##...##
##.....##


You could see 2 ice statues and 6 ice beasts.

Vanquished Creatures
  A two-headed ogre (D:6)
  4 ice devils
  A hornet (D:9)
  A wraith (D:9)
  A steam dragon (D:8)
  3 yaks (Lair:1)
  2 wargs (D:9)
  A water moccasin (D:8)
  6 orc warriors
  A black bear (D:7)
  3 ice beasts
  2 sky beasts
  2 ogres (D:5)
  4 wolves (Lair:1)
  A necrophage (D:7)
  2 centaurs
  A kobold brigand (D:4)
  Blork the orc (D:5)
  4 scorpions
  5 bullfrogs
  A gnoll sergeant (D:9)
  2 water moccasin zombies (D:6)
  A water moccasin skeleton (D:6)
  5 killer bees (D:9)
  4 wights (D:8)
  2 howler monkeys (D:8)
  A centaur zombie (D:8)
  A jelly (D:5)
  A hound (D:6)
  Crazy Yiuf (D:6)
  8 orc priests
  A bullfrog skeleton (D:6)
  3 iguanas
  Ijyb (D:3)
  9 orc wizards
  A killer bee zombie (D:5)
  Robin (D:3)
  3 gnolls (D:9)
  A howler monkey skeleton (D:7)
  4 adders
  A shadow imp (D:5)
  A white imp (D:7)
  An ufetubus (D:6)
  An adder zombie (D:5)
  A worm (D:2)
  7 dart slugs
  34 orcs
  5 endoplasms
  A giant cockroach (D:3)
  6 hobgoblins
  3 jackals (D:2)
  2 quokkas
  8 ball pythons
  A bat (D:2)
  8 frilled lizards
  9 goblins
  13 kobolds
  9 rats
208 creatures vanquished.

Vanquished Creatures (others)
  A howler monkey (D:8)
  8 plants
9 creatures vanquished.

Grand Total: 217 creatures vanquished

Notes
Turn   | Place    | Note
-------+----------+-------------------------------------------
     0 | D:1      | Froggeryz the Demonspawn Chaos Knight began the quest for
                  | the Orb.
     0 | D:1      | Reached XP level 1. HP: 18/18 MP: 1/1
   201 | D:1      | Reached skill level 3 in Maces & Flails
   289 | D:1      | XOM: divination: detect creatures
   318 | D:1      | Gained mutation: Spells you cast may paralyse adjacent
                  | enemies. [demonic ancestry]
   318 | D:1      | Reached XP level 2. HP: 24/24 MP: 2/2
   497 | D:1      | XOM: silly message
   900 | D:1      | Reached XP level 3. HP: 27/29 MP: 3/3
  1285 | D:2      | Reached skill level 4 in Maces & Flails
  1332 | D:2      | Noticed an ice beast
  1618 | D:2      | Found a faded altar of an unknown god.
  1856 | D:2      | Found a bloodstained altar of Trog.
  2440 | D:2      | Fell from the grace of Xom
  2440 | D:2      | Became a worshipper of Trog the Wrathful
  2539 | D:3      | Noticed Robin
  2545 | D:3      | Reached XP level 4. HP: 32/35 MP: 4/4
  2587 | D:3      | Killed Robin
  2800 | D:3      | XOM: 2-stop teleportation journey
  3242 | D:3      | Noticed Ijyb
  3269 | D:3      | Killed Ijyb
  3270 | D:3      | Reached skill level 5 in Maces & Flails
  3491 | D:3      | XOM: 1-stop teleportation journey
  3722 | D:3      | Gained mutation: You have a pair of small antennae on your
                  | head. [demonic ancestry]
  3722 | D:3      | Reached XP level 5. HP: 34/41 MP: 5/5
  4031 | D:3      | XOM: summons 1 hostile demon
  4426 | D:3      | XOM: stat loss: -1 Int (12/13)
  4477 | D:4      | Reached * piety under Trog
  4673 | D:4      | Reached skill level 6 in Maces & Flails
  4690 | D:4      | Reached XP level 6. HP: 27/47 MP: 6/6
  4933 | D:4      | Killed an ice beast
  5172 | D:4      | XOM: summons 14 hostile demons
  5175 | D:4      | Identified a scroll of acquirement
  5175 | D:4      | Acquired a +4 ring of slaying
  5291 | D:3      | XOM: summons 8 hostile demons
  5365 | D:4      | Identified the +0 ring mail of the Known World {-Cast rPois
                  | Int-3 Dex+5}
  5439 | D:4      | XOM: give mutation
  5439 | D:4      | Gained mutation: Armour fits poorly on your strangely
                  | shaped body. [Xom's mischief]
  5505 | D:4      | Identified the ring "Saotiz" {rElec Will+ AC+4 Str-5 Int+2}
  5598 | D:4      | Identified the +2 scale mail "Wiokhleaz" {Regen+}
  5884 | D:5      | Entered Level 5 of the Dungeon
  5896 | D:5      | Found Barche's Book Boutique.
  5913 | D:5      | Reached skill level 7 in Maces & Flails
  5919 | D:5      | Gained mutation: You have a pair of antennae on your head.
                  | [demonic ancestry]
  5919 | D:5      | Reached XP level 7. HP: 52/52 MP: 7/7
  6110 | D:5      | Reached skill level 8 in Maces & Flails
  6214 | D:5      | Identified the +1 scale mail of Claustrophobia {Fly rF+}
  6271 | D:4      | XOM: divination: detect creatures
  6359 | D:5      | Noticed Blork the orc
  6371 | D:5      | Killed Blork the orc
  6527 | D:5      | Gained mutation: You are partially covered in molten
                  | scales. (AC +2) [demonic ancestry]
  6527 | D:5      | Reached XP level 8. HP: 58/58 MP: 8/8
  6655 | D:6      | Found Vor Acao's Book Boutique.
  6660 | D:6      | Reached ** piety under Trog
  6663 | D:6      | XOM: summons 1 hostile demon
  6768 | D:6      | Reached skill level 9 in Maces & Flails
  6788 | D:6      | Noticed a two-headed ogre
  6795 | D:6      | Killed a two-headed ogre
  6796 | D:6      | Reached skill level 10 in Maces & Flails
  6915 | D:6      | Found a staircase to the Ecumenical Temple.
  6916 | D:6      | Identified the +4 spear of Zubor {elec, Drain Int+4 Dex+4}
  6940 | D:6      | Reached XP level 9. HP: 63/63 MP: 9/9
  7016 | D:6      | Reached skill level 5 in Armour
  7096 | D:6      | XOM: give mutations
  7096 | D:6      | Gained mutation: You are clumsy. (Dex -2) [Xom's mischief]
  7096 | D:6      | Gained mutation: You are dopey. (Int -2) [Xom's mischief]
  7096 | D:6      | Gained mutation: You are very dopey. (Int -4) [Xom's
                  | mischief]
  7096 | D:6      | Gained mutation: You sometimes lose the ability to read
                  | scrolls when taking damage. [Xom's mischief]
  7330 | D:6      | Found a runed translucent door.
  7331 | D:6      | Noticed Crazy Yiuf
  7464 | D:6      | Found a sacrificial altar of Ru.
  7651 | D:6      | Killed Crazy Yiuf
  7975 | D:7      | Reached *** piety under Trog
  8005 | D:7      | Reached skill level 11 in Maces & Flails
  8704 | D:8      | Reached skill level 1 in Shields
  8975 | D:8      | XOM: noise
  9172 | D:9      | Gained mutation: Spells you cast may paralyse nearby
                  | enemies. [demonic ancestry]
  9172 | D:9      | Reached XP level 10. HP: 70/70 MP: 10/10
  9218 | D:9      | Found a staircase to the Lair.
  9366 | D:9      | Reached skill level 12 in Maces & Flails
  9394 | D:9      | Found a staircase to the Orcish Mines.
  9578 | D:9      | XOM: divination: magic mapping
  9649 | D:9      | Found Xuaxask's Assorted Antiques.
  9656 | D:9      | Bought a scroll labelled CED VIOKOOSOSK for 23 gold pieces
  9656 | D:9      | Bought a scroll labelled OZYLOT HOFRAIRCH for 23 gold
                  | pieces
  9656 | D:9      | Bought a scroll labelled RIMOETU KIDI for 23 gold pieces
  9719 | D:9      | XOM: silly message
  9894 | D:9      | Reached **** piety under Trog
 10005 | D:9      | XOM: silly message
 10207 | Lair:1   | Entered Level 1 of the Lair of Beasts
 10298 | Lair:1   | Noticed an oklob plant
 10463 | Lair:1   | Found a frozen archway.
 10490 | IceCv    | Entered an ice cave
 10629 | IceCv    | Reached skill level 13 in Maces & Flails
 10629 | IceCv    | Reached skill level 5 in Shields
 10667 | IceCv    | Noticed an ice statue
 10667 | IceCv    | Noticed an ice statue
 10687 | IceCv    | Engulfed by an ice statue's freezing vapour

Illustrated notes

Levels and vault maps discovered:
D:1:      onia_arrival_handbag, layout_basic, serial_forest,
          infiniplex_forest_end_2, infiniplex_forest_straight_4,
          infiniplex_forest_clump_diagonal, infiniplex_forest_clump_double,
          infiniplex_forest_clump_diagonal, infiniplex_forest_end_double,
          infiniplex_forest_lined_3_way, infiniplex_forest_end_2,
          infiniplex_forest_clump_medium
D:2:      layout_loops_cross, shapermc_ecumenical_altar_totnotflames,
          basic_altar, corexii_leaking_fountain, st_stairs_2, dk_noncrumbling_4
D:3:      layout_basic, uniq_robin, uniq_ijyb
D:4:      layout_loops_ring, lexackson_kobold_supper
D:5:      layout_rooms, serial_shops, shop, uniq_blork_the_orc
D:6:      layout_loops_ring, lemuel_crystal_altar,
          minmay_temple_entry_junction_2, serial_shops, nicolae_shop_stone,
          uniq_crazy_yiuf_cottage
D:7:      layout_basic
D:8:      layout_basic
D:9:      layout_stronghold, erik_lair_orcish_takeover, david_orc_3,
          serial_shops, shop
Lair:1:   layout_loops_ring, portal_ice_cave_demonic_guard,
          minmay_lair_oklob_chamber
IceCv:    ice_cave_tombish

Skill      XL: |  1  2  3  4  5  6  7  8  9 10 |
---------------+-------------------------------+-----
Maces & Flails | 3 4 5 6 7 8 10 11 13 | 13.0
Armour         | 3 4 6 |  6.0
Shields        | 2 5 |  5.0
Fighting       | |  3.0
Dodging        | |  0.8

Action                   |  1- 3 |  4- 6 |  7- 9 | 10-12 || total
-------------------------+-------+-------+-------+-------++-------
Melee: Mace              |   126 |   113 |       |       ||   239
       Whip              |       |    69 |   366 |   257 ||   692
Invok: Berserk           |       |     2 |     8 |     5 ||    15
Evoke: Wand              |       |       |       |     3 ||     3
  Use: Potion            |       |     1 |       |     5 ||     6
       Scroll            |       |     4 |     3 |     4 ||    11
Armor: Leather armour    |    45 |    70 |       |       ||   115
       Skin              |       |    18 |       |       ||    18
       Scale mail        |       |       |    96 |    71 ||   167
Dodge: Dodged            |    70 |    86 |   103 |    73 ||   332
Block: Other             |       |       |    11 |    26 ||    37

Table legend: (Time is in decaauts)
 A = Elapsed time spent in this place.
 B = Non-inter-level travel time spent in this place.
 C = Inter-level travel time spent in this place.
 D = Time resting spent in this place.
 E = Time spent auto-exploring this place.
 F = Levels seen in this place.
 G = Mean time per level.
                   A        B        C        D        E       F      G
               +--------+--------+--------+--------+--------+-----+--------+
         Total |  10575 |  10078 |    497 |   1710 |   6747 |  11 |  961.4 |
       Dungeon |  10133 |   9636 |    497 |   1602 |   6559 |   9 | 1125.9 |
          Lair |    244 |    244 |      0 |      0 |    183 |   1 |  244.0 |
      Ice Cave |    197 |    197 |      0 |    108 |      5 |   1 |  197.0 |
               +--------+--------+--------+--------+--------+-----+--------+

Top non-repeatable levels by time:
     D:3: 2301 daAuts
     D:2: 1389 daAuts
     D:4: 1211 daAuts
     D:1: 1121 daAuts
     D:6: 1056 daAuts
     D:9: 951 daAuts
     D:7: 768 daAuts
     D:5: 687 daAuts
     D:8: 646 daAuts
  Lair:1: 244 daAuts
   IceCv: 197 daAuts
